 Dungeon Crawl Stone Soup version 0.31-a0-1388-g4b2ba23 (webtiles) character file.

Game seed: 4041949465467360478

1387189 mightyno9 the Sorcerer (level 27, 198/198 HPs)
             Began as a Mummy Summoner on Dec 16, 2023.
             Was a High Priest of Hepliaklqana.
             Escaped with the Orb
             ... and 3 runes on Dec 24, 2023!
             The game lasted 06:45:24 (113309 turns).

mightyno9 the Sorcerer (Mummy Summoner)           Turns: 113309, Time: 06:45:25

Health: 198/198    AC: 24    Str: 17    XL:     27
Magic:  40/52      EV:  9    Int: 27    God:    Hepliaklqana [*****.]
Gold:   5166       SH: 17    Dex:  8    Spells: 11/76 levels left

rFire   + . .        V - staff of air
rCold   + . .        O - +0 kite shield
rNeg    + + +        z - +2 fire dragon scales
rPois   ∞            v - +0 mask of the Dragon {Will+ Slay+3 SInv}
rElec   +            a - +4 dragonskin cloak
rCorr   .            S - +0 pair of gloves of Decaying Leaves {rPois Regen+ Int+2 Dex-5}
SInv    +            n - +0 pair of boots of Too Many Cooks {Str+3}
Will    ++++.        H - amulet of reflection Stlth
                     g - ring of wizardry
HPRegen 1.33/turn    T - ring of protection from cold
MPRegen 0.33/turn

%: reflection, faith, wizardry (x1)
@: studying Summonings
A: reduced essence, cold resistance 1, negative energy resistance 3, torment
resistance 2, heat vulnerability 1, in touch with death 2, no potions, faith
0: Orb of Zot
}: 3/15 runes: decaying, serpentine, slimy
a: Renounce Religion, Recall Ancestor, Ancestor Identity, Transference, Idealise


You escaped.
You worshipped Hepliaklqana.
Hepliaklqana was extremely pleased with you.
You visited 12 branches of the dungeon, and saw 55 of its levels.
You visited the Abyss 1 time.
You visited 1 bazaar.
You also visited: Gauntlet, Ice Cave, Volcano and Desolation.

You collected 8569 gold pieces.
You spent 3403 gold pieces at shops.

Inventory:

Hand Weapons
 c - the +11 trident "Weat" {elec, rF++ Will++}
   (You found it on level 3 of the Vaults)

   rF++:      It greatly protects you from fire.
   Will++:    It greatly increases your willpower.
Missiles
 b - 12 curare-tipped darts
 m - 19 boomerangs
 s - 4 throwing nets
 t - 14 javelins
 y - 61 poisoned darts
 J - 19 silver javelins
Armour
 a - the +4 dragonskin cloak (worn)
   (You took it off Tiamat on level 5 of the Realm of Zot)

   Avatar's Aegis: It grants the wearer a chance to resist fire, cold, poison,
   electricity, acid, and negative energy.
 h - a +2 pair of gloves of infusion
 l - a +2 cloak of willpower
 n - the +0 pair of boots of Too Many Cooks (worn) {Str+3}
   (You found it in the Desolation of Salt)

   Str+3:     It affects your strength (+3).
 v - the +0 mask of the Dragon (worn) {Will+ Slay+3 SInv}
   (You found it on level 3 of the Elven Halls)

   Slay+3:    It affects your accuracy & damage with ranged weapons and melee
   (+3).
   Will+:     It increases your willpower.
   SInv:      It lets you see invisible.
 z - +2 fire dragon scales (worn)
 O - a +0 kite shield (worn)
 S - the +0 pair of gloves of Decaying Leaves (worn) {rPois Regen+ Int+2 Dex-5}
   (You found it in the Desolation of Salt)

   Int+2:     It affects your intelligence (+2).
   Dex-5:     It affects your dexterity (-5).
   rPois:     It protects you from poison Regen+: It increases your rate of
   health regeneration.
Magical Staves
 V - a staff of air (weapon)
Jewellery
 d - the ring of Datol {rF+ Int+4}
   (You found it in a Gauntlet)

   [ring of protection from fire]

   Int+4:     It affects your intelligence (+4).
   rF+:       It protects you from fire.
 g - a ring of wizardry (left hand)
 j - the ring of the Platytaur {Fly rN+ Str+3}
   (You found it on level 3 of the Crypt)

   [ring of positive energy]

   Str+3:     It affects your strength (+3).
   rN+:       It protects you from negative energy.
   Fly:       It grants you flight.
 p - the ring "Fase" {+Blink rElec rC+ Str-5 Int+3}
   (You found it on level 4 of the Dungeon)

   [ring of protection from cold]

   Str-5:     It affects your strength (-5).
   Int+3:     It affects your intelligence (+3).
   rC+:       It protects you from cold.
   rElec:     It insulates you from electricity.
   +Blink:    It lets you blink.
 x - a ring of protection from fire
 H - an amulet of reflection (around neck)
 R - a +6 ring of strength
 T - a ring of protection from cold (right hand)
 U - a ring of willpower
 X - a ring of resist corrosion
Wands
 w - a wand of flame (157)
 D - a wand of polymorph (41)
 F - a wand of digging (14)
 I - a wand of paralysis (40)
 K - a wand of iceblast (36)
 L - a wand of mindburst (55)
 P - a wand of light (29)
Scrolls
 i - 8 scrolls of poison
 o - a scroll of revelation
 q - 3 scrolls of butterflies
 u - 12 scrolls of vulnerability
 B - 6 scrolls of immolation
 C - 5 scrolls of blinking
 E - 14 scrolls of teleportation
 G - 9 scrolls of fog
 M - 2 scrolls of torment
 Q - 3 scrolls of fear
 W - 3 scrolls of silence
 Y - 7 scrolls of amnesia
Miscellaneous
 e - a phantom mirror (inert)
 k - a phial of floods
 r - a tin of tremorstones (2/2)


   Skills:
 + Level 19.1 Fighting
 - Level 4.0 Throwing
 - Level 15.0 Armour
 - Level 1.5 Dodging
 - Level 2.0 Stealth
 - Level 15.0 Shields
 - Level 25.0 Spellcasting
 - Level 15.0 Conjurations
 - Level 8.0 Summonings
 - Level 8.0 Necromancy
 - Level 16.0 Ice Magic
 - Level 8.0 Air Magic
 - Level 12.0 Earth Magic
 - Level 8.0 Alchemy
 - Level 9.0 Invocations
 - Level 8.0 Evocations


You had 11 spell levels left.
You knew the following spells:

 Your Spells              Type           Power      Damage    Failure   Level
a - Summon Small Mammal   Summ           100%       N/A       1%          1
b - Call Imp              Summ           100%       N/A       1%          2
c - Call Canine Familiar  Summ           67%        N/A       1%          3
d - Summon Guardian Gole  Hex/Summ       53%        N/A       1%          3
e - Summon Lightning Spi  Summ/Air       86%        N/A       1%          4
f - Mephitic Cloud        Conj/Alch/Air  94%        N/A       1%          3
g - Freezing Cloud        Conj/Ice/Air   51%        6-21      1%          5
h - Mercury Vapours       Alch/Air       100%       N/A       1%          2
i - Blink                 Tloc           66%        N/A       2%          2
j - Irradiate             Conj/Alch      38%        3d24      1%          5
k - Borgnjor's Vile Clut  Necr/Erth      57%        N/A       1%          5
l - Dispel Undead         Necr           100%       3d31      1%          4
m - Stone Arrow           Conj/Erth      100%       3d13      1%          3
n - Lee's Rapid Deconstr  Erth           39%        3d19*     1%          5
o - Yara's Violent Unrav  Hex/Alch       26%        3d11      9%          5
p - Ozocubu's Refrigerat  Ice            44%        4d17      1%          7
q - Bombard               Conj/Erth      41%        9d7       1%          6

Your spell library contained the following spells:

 Spells                   Type           Power      Damage    Failure   Level
 Magic Dart               Conj           100%       1d8       0%          1
 Searing Ray              Conj           100%       2d8       0%          2
 Frozen Ramparts          Ice            100%       1d16      0%          3
 Ozocubu's Armour         Ice            88%        N/A       0%          3
 Kiss of Death            Conj/Necr      100%       2d13      1%          1
 Sting                    Conj/Alch      100%       1d9       1%          1
 Cigotuvi's Dreadful Rot  Necr/Alch/Air  100%       N/A       1%          2
 Momentum Strike          Conj/Tloc      100%       3d10      1%          2
 Dazzling Flash           Conj/Hex       100%       N/A       1%          3
 Fugue of the Fallen      Necr           100%       N/A       1%          3
 Animate Armour           Summ/Erth      100%       N/A       1%          4
 Animate Dead             Necr           100%       N/A       1%          4
 Flame Wave               Conj/Fire      65%        2d15      1%          4
 Fulminant Prism          Conj/Alch      38%        3d18      1%          4
 Leda's Liquefaction      Alch/Erth      36%        N/A       1%          4
 Olgreb's Toxic Radiance  Alch           67%        N/A       1%          4
 Petrify                  Alch/Erth      73%        N/A       1%          4
 Arcjolt                  Conj/Air       48%        1d58      1%          5
 Metabolic Englaciation   Hex/Ice        33%        N/A       1%          5
 Simulacrum               Ice/Necr       61%        N/A       1%          6
 Jinxbite                 Hex            66%        N/A       2%          2
 Lesser Beckoning         Tloc           66%        N/A       2%          2
 Scorch                   Fire           66%        2d7       2%          2
 Fireball                 Conj/Fire      32%        3d14      2%          5
 Conjure Ball Lightning   Conj/Air       48%        3x3d17    2%          6
 Ignite Poison            Fire/Alch      53%        N/A       3%          4
 Sticky Flame             Fire/Alch      53%        2d9       3%          4
 Vhi's Electric Charge    Tloc/Air       100%       N/A       3%          4
 Confusing Touch          Hex            33%        N/A       5%          3
 Gell's Gravitas          Tloc           33%        N/A       5%          3
 Sigil of Binding         Hex            33%        N/A       5%          3
 Teleport Other           Tloc           33%        N/A       5%          3
 Volatile Blastmotes      Fire/Tloc      66%        2d15      5%          3
 Silence                  Hex/Air        35%        N/A       9%          5
 Summon Forest            Summ/Tloc      26%        N/A       9%          5
 Summon Mana Viper        Hex/Summ       53%        N/A       9%          5
 Death Channel            Necr           53%        N/A       10%         6
 Summon Cactus Giant      Summ           33%        N/A       10%         6
 Starburst                Conj/Fire      32%        6d10      12%         6
 Cause Fear               Hex            16%        N/A       16%         4
 Dimensional Bullseye     Hex/Tloc       16%        N/A       16%         4
 Manifold Assault         Tloc           33%        N/A       16%         4
 Passage of Golubria      Tloc           33%        N/A       16%         4
 Lehudib's Crystal Spear  Conj/Erth      41%        10d10     38%         8
 Plasma Beam              Fire/Air       35%        2x1d48    43%         6
 Haunt                    Necr/Summ      53%        N/A       45%         7
 Polar Vortex             Ice            44%        12d5*     91%         9
 Dispersal                Tloc           16%        N/A       92%         6
 Malign Gateway           Summ/Tloc      26%        N/A       93%         7
 Maxwell's Capacitive Co  Air            43%        ∞         98%         8
 Summon Horrible Things   Summ           33%        N/A       98%         8
 Enfeeble                 Hex            16%        N/A       100%        7
 Discord                  Hex            16%        N/A       100%        8
 Disjunction              Tloc           16%        N/A       100%        8
 Ignition                 Fire           16%        3d7       100%        8
 Dragon's Call            Summ           33%        N/A       100%        9
 Sublimation of Blood     Necr           Unusable   N/A       N/A         2
 Death's Door             Necr           Unusable   N/A       N/A         9

Dungeon Overview and Level Annotations

Branches:
Dungeon (15/15)            Temple (1/1) D:5            Lair (5/5) D:10
  Swamp (4/4) Lair:2        Snake (4/4) Lair:2        Slime (5/5) Lair:5
    Orc (2/2) D:12            Elf (3/3) Orc:2        Vaults (4/5) D:13
  Crypt (3/3) Vaults:2       Tomb (0/3) Crypt:3      Depths (4/4) D:15
    Zot (5/5) Depths:4      IceCv (visited)         Volcano (visited)
Desolation (visited)      Gauntlet (visited)

Altars:
Ashenzari
Cheibriados
Dithmenos
Fedhas
Gozag
Hepliaklqana
Kikubaaqudgha
Makhleb
Nemelex Xobeh
Okawaru
Qazlal
Ru
Sif Muna
Trog
Uskayaw
Vehumet
Wu Jian
Xom
Yredelemnul
Jiyva

Shops:
D:1 [   D:3 *   D:4 (   Orc:2 *:?[!   Elf:1 [   Elf:2 *   Snake:4 :
Depths:4 :=:

Portals:
Hell: Depths:1 Depths:2 Depths:3 Depths:4
Abyss: Depths:1 Depths:2 Depths:3
Pandemonium: Depths:2
Ziggurat: Depths:3

Annotations:
Snake:1 6 transporters
Depths:2 3 runed translucent doors, Anotheraccount's ghost, veteran FoFi
Zot:1 exclusion: knight


Innate Abilities, Weirdness & Mutations

Your life essence is reduced to manifest your ancestor. (-10% HP)
You are immune to poison.
Your flesh is cold resistant. (rC+)
You are immune to negative energy. (rN+++)
You are immune to unholy pain and torment.
You are vulnerable to heat. (rF-)
You are strongly in touch with the powers of death.
You do not drink.
You have a special connection with the divine. (Faith)


Message History

Ramose seems to speed up.
There is an escape hatch in the ceiling here.
You block the tormentor's attack.
The tormentor hits you but does no damage.
Ramose closely misses the lich.
Ramose closely misses the chaos spawn.
Ramose blocks the chaos spawn's attack.
A mysterious force pulls you upwards. The hatch slams shut behind you.
Unknown command.
Unknown command.
Casting: Bombard (mildly dangerous; 1% risk of failure)
Confirm with . or Enter, or press ? or * to list all spells.
Aiming: Dispel Undead (mildly dangerous; 1% risk of failure)
Press: ? - help, Shift-Dir - straight line, f - lich
Aim: a lich (100% to hit)
You feel a strong surge of power!
The lich is dispelled!!!
You block the lich's attack.
Unknown command.
Unknown command.
Casting: Dispel Undead (mildly dangerous; 1% risk of failure)
Confirm with . or Enter, or press ? or * to list all spells.
Aiming: Dispel Undead (mildly dangerous; 1% risk of failure)
Press: ? - help, Shift-Dir - straight line, f/p - lich
Aim: a lich (heavily damaged, 100% to hit)
You feel a strong surge of power!
The lich is dispelled!!
You block the lich's attack.
Unknown command.
Unknown command.
Casting: Dispel Undead (mildly dangerous; 1% risk of failure)
Confirm with . or Enter, or press ? or * to list all spells.
Aiming: Dispel Undead (mildly dangerous; 1% risk of failure)
Press: ? - help, Shift-Dir - straight line, f/p - lich
Aim: a lich (severely damaged, 100% to hit)
You feel a strong surge of power!
The lich is dispelled!!!
You destroy the lich!
You feel your dexterity returning.
Unknown command.
Ramose is recalled.
You swap places.
There is a staircase leading out of the dungeon here.
You have escaped!

#...†>.........................
#......##.........#######.#####
#......##################.##...
#......##...#...#...#...#.##...
#......##...+...'...'.⌠.'.##...
#......##...#...#...#...#.##...
#......###'###'#######'##.##...
#......##...#...#...#...#.##...
#......##...'.@R'...#...#..'...
######.##...#...#...#...#.##...
#.###'#######'###'##.##...
#.##...#...#...#...#.##...
#.##.⌠.#.^.'...#...#.##...
#.##...#...#...#...#.##...
#.###'##############.##...
#.##...#...#...#...#.#####
#..'...+...'...'...#....)†


You could see the friendly Ramose the knight (reflecting).

Vanquished Creatures
  the Royal Jelly (Slime:5)
  2 dread liches (Zot:5)
  Frederick (Vaults:2)
  2 orbs of fire (Zot:5)
  5 ancient liches (Zot:5)
  A royal mummy (Crypt:3)
  2 Killer Klowns
  Vashnia (Snake:3)
  Saint Roka (Vaults:1)
  4 caustic shrikes
  4 curse toes
  Nikola (Snake:3)
  7 golden dragons
  A bone dragon (Swamp:4)
  3 electric golems
  10 tentacled monstrosities
  Rupert (D:13)
  13 Orb Guardians (Zot:5)
  6 quicksilver dragons
  4 liches
  2 deep elf blademasters (Elf:3)
  Grunn (Zot:2)
  Zenata (Vaults:1)
  A deep elf master archer (Elf:3)
  The ghost of dontdoit the Unseen, an adept KoEn of Wu Jian (Elf:1)
  A sphinx (Vaults:4)
  2 tentacled starspawn (Abyss:4)
  5 death cobs
  An ancient champion (Crypt:2)
  Kirke (D:14)
  19 acid blobs
  3 shadow dragons
  3 tengu reavers
  8 storm dragons
  A thorn hunter (Swamp:3)
  Donald (Elf:3)
  5 azure jellies
  9 rockslimes
  3 revenants
  2 fenstrider witches (Swamp:3)
  6 protean progenitors
  6 nagarajas
  5 fire giants
  6 draconian monks
  4 draconian shifters
  3 frost giants
  3 deep elf sorcerers (Elf:3)
  9 vault wardens
  2 imperial myrmidons (Desolation)
  3 draconian knights (Zot:3)
  2 draconian scorchers
  A draconian stormcaller (Zot:1)
  A reaper (Crypt:3)
  2 deep elf elementalists
  3 draconian annihilators
  5 spriggan defenders (Depths:2)
  7 ghouls
  11 ironbound preservers
  6 ironbound thunderhulks
  16 very ugly things
  10 quicksilver oozes
  7 stone giants
  A broodmother (Zot:4)
  5 formless jellyfish
  6 deep elf demonologists
  4 eleionomae
  8 deep elf death magi
  5 vampire knights
  11 yellow draconians
  6 green draconians
  6 black draconians
  6 white draconians
  7 dire elephants
  A minotaur (Gauntlet)
  2 deep elf annihilators (Elf:3)
  4 spark wasps
  9 purple draconians
  5 red draconians
  2 halazid warlocks (Desolation)
  4 bunyips
  4 eidola
  Snorg (Lair:5)
  A merfolk javelineer (Depths:4)
  4 crystal guardians
  6 jiangshi
  6 fire dragons
  5 yaktaur captains
  4 ettins
  An entropy weaver (Vaults:1)
  2 deep elf high priests
  5 mummy priests (Crypt:3)
  A spriggan zombie (Crypt:2)
  7 hydras
  8 great orbs of eyes
  4 rakshasas
  2 salamander tyrants
  2 servants of whispers (Desolation)
  5 peacekeepers
  7 ragged hierophants (Desolation)
  6 ice dragons
  9 anacondas
  A catoblepas (Elf:1)
  9 vault guards
  The ghost of Taxman1966 the Thaumaturge, a journeyman DjFE of Makhleb (D:10)
  3 ghost crabs
  9 centaur warriors
  4 ironbound frosthearts
  7 boulder beetles
  A spriggan air mage (Depths:1)
  5 death knights
  7 alligators
  2 tengu warriors
  11 dancing weapons
  4 deep troll shamans
  5 two-headed ogres
  A death scarab (Gauntlet)
  3 deep troll earth magi
  13 naga warriors
  A titan zombie (Depths:2)
  A spriggan berserker (Depths:3)
  A demonic crawler (Abyss:4)
  2 occultists
  2 hell hogs (Abyss:4)
  11 naga sharpshooters
  11 deep elf knights
  Urug (D:11)
  An orc high priest (Vaults:1)
  4 shock serpents
  A skyshark (Lair:3)
  7 death yaks (Lair:5)
  6 vampire magi
  A wretched star (Abyss:3)
  A hell knight (Depths:4)
  3 shadow wraiths (Crypt:3)
  19 skeletal warriors
  5 iron trolls
  4 salamander mystics (Snake:4)
  4 spriggan druids
  A golden dragon zombie (Crypt:1)
  2 lindwurms (Vaults:1)
  51 deep trolls
  4 flayed ghosts
  A swamp dragon (Swamp:3)
  2 goliath frogs (Swamp:1)
  2 large abominations (Abyss:3)
  4 glowing orange brains
  3 naga ritualists (Snake:4)
  A death drake (Swamp:4)
  11 ironbound convokers
  An arcanist (Vaults:3)
  19 phantasmal warriors
  11 deep elf archers
  2 orc knights
  2 spectral hydras (Swamp:4)
  14 deep elf pyromancers
  16 deep elf zephyrmancers
  6 bog bodies
  4 necromancers
  10 orc sorcerers
  A wolf spider (D:15)
  7 manticores
  13 shining eyes
  An oklob plant (Gauntlet)
  13 ugly things
  2 will-o-the-wisps
  18 salamanders
  A worldbinder (Abyss:3)
  A frost giant zombie (Depths:1)
  2 alligator zombies (Swamp:4)
  2 mana vipers
  9 cyclopes
  17 moths of wrath
  5 guardian serpents
  7 naga magi
  10 elephants
  4 kobold blastminers
  An iron dragon skeleton (Crypt:2)
  18 vault sentinels
  16 black mambas
  3 eyes of devastation
  2 molten gargoyles
  12 cane toads
  3 smoke demons
  A cane toad (shapeshifter) (Elf:3)
  A centaur skeleton (Crypt:2)
  A gargoyle (D:13)
  22 yaktaurs
  2 unseen horrors
  A torpor snail (Lair:5)
  2 freezing wraiths
  4 kobold demonologists
  An efreet (D:15)
  5 komodo dragons
  3 rime drakes
  4 swamp worm zombies (Swamp:4)
  2 spriggan skeletons
  2 hydra zombies (Swamp:4)
  A grey draconian skeleton (Crypt:2)
  A tengu conjurer (D:14)
  13 guardian mummies (Crypt:3)
  A polar bear (shapeshifter) (Elf:1)
  2 tyrant leeches
  24 saltlings (Desolation)
  A bloated husk (Swamp:4)
  11 hornets
  4 trolls
  A troll (shapeshifter) (D:15)
  A guardian serpent zombie (Crypt:2)
  A polar bear (Lair:1)
  8 blink frogs
  5 raiju
  2 spectral swamp dragons (Swamp:4)
  A glass eye (Slime:2)
  77 slime creatures
  5 dream sheep (Lair:5)
  An ettin zombie (Crypt:1)
  11 spriggans
  An ettin skeleton (Vaults:2)
  4 air elementals
  7 water elementals
  A ynoxinul (D:10)
  A spriggan (shapeshifter) (Abyss:3)
  A wyvern (shapeshifter) (D:14)
  20 yaks
  6 ushabtiu (Crypt:3)
  4 fire bats (Volcano)
  A wyvern (Elf:1)
  4 basilisks
  A yak (shapeshifter) (D:13)
  2 wraiths (D:12)
  3 vampires
  A human (D:14)
  2 hogs (D:14)
  3 neqoxecs
  A steam dragon (Lair:2)
  A warg (Orc:2)
  2 redbacks (Vaults:1)
  10 swamp worms
  2 chaos spawn
  6 vampire mosquitoes
  19 nagas
  7 small abominations
  An acid dragon (Gauntlet)
  3 hell hounds
  8 water moccasins
  A hydra simulacrum (IceCv)
  2 naga skeletons (Crypt:2)
  8 orc warriors
  3 swamp drakes
  An elephant zombie (Crypt:1)
  3 black bears
  5 boggarts (Vaults:1)
  6 laughing skulls
  A swamp dragon zombie (Swamp:4)
  A manticore skeleton (Crypt:1)
  A snapping turtle zombie (Crypt:3)
  8 ogres
  A swamp dragon skeleton (Crypt:2)
  7 wolves
  8 centaurs
  3 starcursed masses (Abyss:4)
  5 phantoms
  A salamander skeleton (Crypt:2)
  A yaktaur skeleton (Crypt:1)
  8 bullfrogs
  A cane toad simulacrum (IceCv)
  2 necrophages (Crypt:1)
  2 earth elementals (Elf:1)
  2 two-headed ogre simulacra (IceCv)
  A killer bee (D:11)
  An electric eel (D:14)
  3 howler monkeys (D:12)
  6 lava snakes (Volcano)
  15 orc priests
  24 orc wizards
  6 hell rats (Lair:4)
  3 spriggan simulacra (IceCv)
  An ice beast zombie (Crypt:1)
  3 mummies (Crypt:3)
  2 gnolls (D:5)
  5 adders
  2 swamp drake zombies (Swamp:4)
  2 ufetubi (IceCv)
  2 lava snake skeletons
  A worm (D:5)
  40 orcs
  2 bats
  5 endoplasms
  A giant cockroach (D:2)
  A goblin (D:1)
  3 hobgoblins
  2 quokkas (D:1)
  3 ball pythons
  4 frilled lizards
  5 kobolds
  A rat (D:3)
  A starspawn tentacle (Abyss:4)
1517 creatures vanquished.

Vanquished Creatures (collateral kills)
  A dread lich (Zot:5)
  An ancient lich (Zot:5)
  Tiamat (Zot:5)
  2 orbs of fire
  Mara (Vaults:2)
  Vv (Zot:3)
  2 curse toes (Zot:5)
  3 Killer Klowns
  A caustic shrike (Depths:2)
  4 golden dragons
  2 doom hounds (Zot:2)
  2 electric golems
  8 tentacled monstrosities
  A lich (Depths:4)
  9 Orb Guardians (Zot:5)
  A deep elf master archer (Elf:3)
  A quicksilver dragon (Depths:2)
  4 sphinxes
  7 acid blobs
  An ancient champion (Crypt:3)
  A tentacled starspawn (Abyss:3)
  2 death cobs
  2 tengu reavers (Depths:3)
  3 shadow dragons
  Aizul (Swamp:2)
  2 storm dragons
  A fenstrider witch (Swamp:2)
  Roxanne (Elf:1)
  4 azure jellies
  3 protean progenitors (Zot:1)
  4 draconian monks
  2 nagarajas (Snake:4)
  2 rockslimes (Slime:5)
  5 draconian knights
  2 deep elf sorcerers (Elf:3)
  An imperial myrmidon (Desolation)
  Louise (Depths:2)
  2 ghost moths
  2 frost giants
  A vault warden (Vaults:1)
  5 deep elf elementalists (Elf:3)
  2 ghouls (Crypt:1)
  4 very ugly things
  A spriggan defender (Depths:2)
  6 draconian scorchers
  A draconian stormcaller (Zot:4)
  2 formless jellyfish
  A broodmother (Zot:4)
  2 ironbound thunderhulks
  2 quicksilver oozes (Slime:5)
  9 green draconians
  Nessos (Lair:3)
  3 vampire knights
  4 ironbound preservers
  A deep elf demonologist (Elf:3)
  7 black draconians
  6 deep elf death magi
  2 dire elephants
  6 spark wasps
  5 deep elf annihilators
  2 bunyips (Zot:5)
  7 yellow draconians
  4 stone giants
  3 purple draconians
  6 red draconians
  9 white draconians
  A blizzard demon (Zot:2)
  2 eidola
  2 fire dragons
  A merfolk javelineer (Depths:4)
  An ettin (Depths:4)
  2 yaktaur captains
  Harold (D:11)
  4 ragged hierophants (Desolation)
  2 jiangshi
  5 vault guards
  Erolcha (D:11)
  A great orb of eyes (Vaults:3)
  A hell beast (D:9)
  6 hydras
  The ghost of Zoroqier the Carver, a journeyman HuFi of Makhleb (Lair:1)
  3 ogre magi
  2 servants of whispers (Desolation)
  2 spriggan air magi
  A catoblepas (Lair:5)
  5 ice dragons
  2 peacekeepers
  3 ironbound frosthearts
  3 centaur warriors
  A death knight (Crypt:3)
  3 boulder beetles
  2 anacondas
  3 naga warriors
  17 dancing weapons
  2 two-headed ogres
  2 tengu warriors
  A death yak (Lair:5)
  2 deep troll earth magi (Depths:4)
  9 deep troll shamans
  A hell hog (Abyss:4)
  2 soul eaters
  An orc high priest (Vaults:1)
  2 spriggan berserkers
  5 deep elf knights (Elf:2)
  A hell knight (Depths:3)
  2 shock serpents
  2 sun demons (D:7)
  4 skeletal warriors
  2 salamander mystics
  4 iron trolls
  2 shadow wraiths (Crypt:2)
  A golden dragon zombie (Depths:1)
  3 sea snakes (Snake:2)
  A flayed ghost (Crypt:3)
  A skyshark (Lair:1)
  4 deep elf archers
  25 deep trolls
  3 naga ritualists (Snake:4)
  An arcanist (Vaults:1)
  5 deep elf zephyrmancers
  A golden dragon skeleton (Depths:2)
  2 harpies (Elf:1)
  10 bog bodies
  5 ironbound convokers
  3 lindwurms
  2 necromancers
  A mana viper (Snake:2)
  2 orc knights
  6 deep elf pyromancers
  A cyclops (D:8)
  2 salamanders
  10 ugly things
  5 manticores
  4 shining eyes
  2 orc sorcerers (Orc:2)
  A will-o-the-wisp (Lair:2)
  2 elephants
  2 kobold blastminers
  4 moths of wrath
  14 black mambas
  An ice statue (IceCv)
  7 naga magi
  5 vault sentinels
  An eye of devastation (Slime:5)
  A smoke demon (Abyss:3)
  A black mamba (shapeshifter) (Elf:3)
  A centaur skeleton (Crypt:2)
  A molten gargoyle (Depths:3)
  A gargoyle (D:13)
  A torpor snail (Lair:1)
  3 cane toads
  2 rime drakes
  Jeremiah (D:8)
  16 guardian mummies (Crypt:3)
  4 swamp worm zombies (Swamp:4)
  7 yaktaurs
  An anaconda simulacrum (IceCv)
  6 komodo dragons
  An ice devil (IceCv)
  3 hydra zombies (Swamp:4)
  2 trolls
  A bloated husk (Swamp:4)
  A great orb of eyes zombie (Crypt:3)
  A polar bear (Lair:5)
  8 raiju (Abyss:4)
  17 saltlings (Desolation)
  3 hornets
  2 blink frogs
  2 glass eyes
  A hydra skeleton (Crypt:1)
  A spectral dream sheep (Gauntlet)
  A jumping spider zombie (Crypt:3)
  A spectral swamp dragon (Swamp:4)
  2 dream sheep (Lair:5)
  A fire giant simulacrum (Vaults:2)
  43 slime creatures
  A centaur simulacrum (D:15)
  Sigmund (D:4)
  4 spriggans
  2 shadows
  5 wyverns
  8 water elementals
  A fire dragon skeleton (Crypt:2)
  An ushabti (Crypt:3)
  5 wraiths
  A ynoxinul (Abyss:4)
  A fire elemental (Elf:1)
  A hog (shapeshifter) (D:15)
  34 yaks
  2 basilisks
  2 fire bats (Volcano)
  A human (shapeshifter) (Abyss:3)
  A chaos spawn (Abyss:4)
  A hog (D:14)
  2 steam dragons
  A warg (Orc:2)
  2 vampire mosquitoes
  11 nagas
  A harpy simulacrum (IceCv)
  3 small abominations
  5 swamp worms
  A hell hound (Volcano)
  5 water moccasins
  An acid dragon (Gauntlet)
  An ogre skeleton (Vaults:2)
  A demonspawn skeleton (Crypt:1)
  A glowing shapeshifter skeleton (Depths:1)
  3 orc warriors
  A sky beast (D:7)
  4 ogres
  4 laughing skulls
  5 wolves (D:10)
  A swamp dragon zombie (Swamp:4)
  2 snapping turtle skeletons
  4 centaurs
  A phantom (Swamp:4)
  3 kobold brigands
  4 bullfrogs
  3 gnoll sergeants
  A scorpion (D:4)
  A necrophage (Crypt:2)
  2 earth elementals
  4 two-headed ogre simulacra (IceCv)
  A komodo dragon skeleton (Crypt:3)
  3 cane toad simulacra (IceCv)
  8 wights
  2 killer bees
  3 elephant simulacra (IceCv)
  An electric eel (Lair:2)
  7 howler monkeys
  2 hounds
  A jelly (D:6)
  A quasit (Abyss:3)
  7 orc priests
  A gnoll bouda (D:5)
  3 sleepcaps
  A basilisk skeleton (Crypt:1)
  An iguana (D:7)
  A black bear skeleton (Crypt:1)
  12 orc wizards
  4 polar bear simulacra (IceCv)
  4 troll simulacra (IceCv)
  A naga zombie (Crypt:3)
  7 mummies (Crypt:3)
  16 gnolls
  A swamp drake zombie (Swamp:4)
  2 adders
  4 naga simulacra (IceCv)
  A shadow imp (D:6)
  4 white imps
  10 ufetubi
  2 worms
  2 dart slugs
  21 orcs
  3 endoplasms
  A giant cockroach (D:3)
  2 goblins
  4 hobgoblins
  16 kobolds
  A ball python (D:2)
  2 bats (D:2)
  A frilled lizard (D:2)
  A quokka skeleton (Crypt:2)
  An aspiring flesh (Zot:4)
  2 butterflies (D:5)
910 creatures vanquished.

Vanquished Creatures (others)
  A fire giant (Depths:3)
  2 stone giants
  A yaktaur captain (Vaults:3)
  A deep elf high priest (Elf:3)
  A hydra (Swamp:3)
  2 centaur warriors (Vaults:1)
  2 two-headed ogres
  2 death yaks (Lair:5)
  2 deep elf archers
  A harpy (Elf:1)
  An ugly thing (D:15)
  A manticore (D:14)
  An elephant (Lair:3)
  2 cane toads
  A rime drake (Lair:4)
  8 yaktaurs
  2 komodo dragons (Zot:1)
  3 bloated husks
  A raiju (Abyss:3)
  A wraith (D:7)
  2 wyverns
  9 yaks
  A dire elephant simulacrum (IceCv)
  3 golden eyes (Abyss:4)
  3 death yak simulacra (IceCv)
  A small abomination (Abyss:3)
  An orc warrior (D:15)
  A phantom (Swamp:4)
  A bullfrog (Lair:1)
  A two-headed ogre simulacrum (IceCv)
  A cane toad simulacrum (IceCv)
  5 wights
  An elephant simulacrum (IceCv)
  4 killer bees (D:9)
  2 howler monkeys (D:9)
  51 knights
  3 ancestors
  A naga simulacrum (IceCv)
  A kobold (D:11)
  4 foxfires (Swamp:1)
  5 starspawn tentacles (Abyss:4)
137 creatures vanquished.

Grand Total: 2564 creatures vanquished

Notes
Turn   | Place    | Note
-------+----------+-------------------------------------------
     0 | D:1      | mightyno9 the Mummy Summoner began the quest for the Orb.
     0 | D:1      | Reached XP level 1. HP: 13/13 MP: 4/4
   213 | D:1      | Reached skill level 3 in Spellcasting
   461 | D:1      | Found Vadip's Antique Armour Shop.
   469 | D:1      | Reached XP level 2. HP: 15/19 MP: 4/6
   472 | D:1      | Learned a level 2 spell: Call Imp
  1103 | D:2      | Identified the +1 leather armour of Futuristic Knowledge
                  | {Harm rElec rPois SInv}
  1296 | D:2      | Reached XP level 3. HP: 24/24 MP: 8/8
  1338 | D:2      | Learned a level 3 spell: Call Canine Familiar
  1616 | D:2      | Found a faded altar of an unknown god.
  2311 | D:3      | Reached skill level 4 in Spellcasting
  2383 | D:3      | Found Neut's General Store.
  2614 | D:3      | Reached XP level 4. HP: 13/30 MP: 5/10
  2966 | D:4      | Found Qaprirph's Antique Weapon Shop.
  3015 | D:4      | Identified the ring "Fase" {+Blink rElec rC+ Str-5 Int+3}
  3181 | D:4      | Noticed a scorpion
  3196 | D:4      | Killed a scorpion
  3197 | D:4      | Reached skill level 5 in Spellcasting
  3197 | D:4      | Reached XP level 5. HP: 9/35 MP: 4/12
  3401 | D:4      | Noticed Sigmund
  3417 | D:4      | Killed Sigmund
  3418 | D:4      | Reached skill level 6 in Spellcasting
  3418 | D:4      | Reached XP level 6. HP: 39/41 MP: 5/15
  3931 | D:5      | Entered Level 5 of the Dungeon
  3961 | D:4      | Bought a fine war axe for 238 gold pieces
  3961 | D:4      | Identified the +7 war axe of the Walnut {spect, rN++ Dex+2}
                  | (You bought it in a shop on level 4 of the Dungeon)
  4022 | D:5      | Found a staircase to the Ecumenical Temple.
  4030 | D:5      | Reached skill level 5 in Summonings
  4038 | Temple   | Entered the Ecumenical Temple
  4077 | Temple   | Became a worshipper of Hepliaklqana the Forgotten
  4240 | D:5      | Reached skill level 7 in Spellcasting
  4240 | D:5      | Reached XP level 7. HP: 40/46 MP: 8/17
  4548 | D:5      | Learned a level 3 spell: Summon Guardian Golem
  4553 | D:5      | Learned a level 4 spell: Summon Lightning Spire
  5078 | D:6      | Reached * piety under Hepliaklqana
  5279 | D:6      | Reached skill level 8 in Spellcasting
  5279 | D:6      | Reached skill level 1 in Fighting
  5644 | D:6      | Reached XP level 8. HP: 50/50 MP: 20/20
  6435 | D:7      | Reached skill level 1 in Evocations
  6578 | D:7      | Reached ** piety under Hepliaklqana
  6579 | D:7      | Remembered your ancestor Ramose as a knight
  7210 | D:8      | Noticed Jeremiah
  7344 | D:8      | Reached XP level 9. HP: 56/59 MP: 12/21
  7545 | D:8      | Reached skill level 5 in Fighting
  7605 | D:8      | Killed Jeremiah
  7606 | D:8      | Reached skill level 1 in Air Magic
  7956 | D:8      | Reached skill level 1 in Armour
  8161 | D:8      | Reached *** piety under Hepliaklqana
  8186 | D:8      | Noticed a cyclops
  8308 | D:9      | Noticed a two-headed ogre
  8337 | D:9      | Killed a two-headed ogre
  8489 | D:9      | Reached XP level 10. HP: 69/69 MP: 19/22
  8597 | D:9      | Found a broken altar of Ashenzari.
  9021 | D:9      | Reached skill level 9 in Spellcasting
  9209 | D:10     | Entered Level 10 of the Dungeon
  9298 | D:10     | Found a runed translucent door.
  9302 | D:10     | Noticed Taxman1966's ghost (journeyman DjFE)
  9358 | D:10     | Noticed a deep troll
  9537 | D:10     | Reached skill level 10 in Spellcasting
  9586 | D:10     | Reached skill level 1 in Conjurations
  9716 | D:10     | Reached **** piety under Hepliaklqana
  9736 | D:10     | Found a staircase to the Lair.
 10356 | D:11     | Noticed Urug
 10434 | D:10     | Learned a level 3 spell: Mephitic Cloud
 10440 | D:10     | Learned a level 5 spell: Freezing Cloud
 10443 | D:10     | Learned a level 2 spell: Mercury Vapours
 10471 | D:11     | Killed Urug
 10480 | D:11     | Reached skill level 11 in Spellcasting
 10812 | D:11     | Noticed Erolcha
 10821 | D:11     | Killed Erolcha
 10822 | D:11     | Reached XP level 11. HP: 77/77 MP: 11/26
 10921 | D:11     | Noticed Harold
 10936 | D:11     | Killed Harold
 11131 | D:11     | Reached skill level 12 in Spellcasting
 11422 | D:10     | Noticed a soul eater
 11431 | D:10     | Reached skill level 1 in Ice Magic
 11695 | D:11     | Found a runed translucent door.
 11695 | D:11     | Noticed a deep elf pyromancer
 11695 | D:11     | Noticed a two-headed ogre
 11703 | D:11     | Noticed a deep elf pyromancer
 11855 | Lair:1   | Entered Level 1 of the Lair of Beasts
 12329 | Lair:1   | Found a runed translucent door.
 12330 | Lair:1   | Noticed Zoroqier's ghost (journeyman HuFi)
 12439 | Lair:1   | Reached ***** piety under Hepliaklqana
 12475 | Lair:1   | Reached skill level 5 in Air Magic
 12781 | Lair:1   | Reached skill level 13 in Spellcasting
 12823 | Lair:1   | Noticed a skyshark
 12837 | Lair:1   | Killed a skyshark
 13314 | Lair:1   | Reached XP level 12. HP: 72/82 MP: 12/29
 14023 | Lair:1   | Reached skill level 14 in Spellcasting
 14461 | Lair:2   | Upgraded the game from 0.31-a0-1272-g9f703e4 to
                  | 0.31-a0-1354-g0f3f92e
 14524 | Lair:2   | Found a staircase to the Swamp.
 14579 | Lair:2   | Found a frozen archway.
 14594 | IceCv    | Entered an ice cave
 15591 | IceCv    | Identified the +3 spear of Courage {vamp, +Blink}
 15822 | IceCv    | Reached skill level 5 in Ice Magic
 16175 | Lair:2   | Learned a level 2 spell: Blink
 16459 | Lair:2   | You fall into a shaft and drop 2 floors!
 16669 | Lair:4   | Reached skill level 5 in Conjurations
 16935 | Lair:3   | Gained mutation: You are strongly in touch with the powers
                  | of death. [Mummy growth]
 16935 | Lair:3   | Reached XP level 13. HP: 72/88 MP: 15/31
 17736 | Lair:2   | Reached ****** piety under Hepliaklqana
 18204 | Lair:2   | Found a staircase to the Snake Pit.
 18688 | Lair:3   | Noticed Nessos
 18695 | Lair:3   | Killed Nessos
 18817 | Lair:3   | Upgraded the game from 0.31-a0-1354-g0f3f92e to
                  | 0.31-a0-1370-gf52a5a9
 19582 | Lair:4   | Reached skill level 15 in Spellcasting
 20177 | Lair:5   | Entered Level 5 of the Lair of Beasts
 20352 | Lair:5   | Found a viscous altar of Jiyva.
 20353 | Lair:5   | Found a staircase to the Slime Pits.
 20471 | Lair:5   | Noticed Snorg
 20490 | Lair:5   | Killed Snorg
 20719 | Lair:5   | Reached XP level 14. HP: 77/97 MP: 6/33
 20983 | Lair:5   | Reached skill level 16 in Spellcasting
 21000 | Lair:5   | Reached skill level 10 in Fighting
 22723 | D:12     | Learned a level 5 spell: Irradiate
 22949 | D:12     | Found a staircase to the Orcish Mines.
 23158 | D:12     | Reached skill level 17 in Spellcasting
 24101 | Orc:1    | Entered Level 1 of the Orcish Mines
 24734 | Orc:2    | Entered Level 2 of the Orcish Mines
 24738 | Orc:2    | Found a dark tunnel.
 24747 | Volcano  | Entered a volcano
 25121 | Volcano  | Found a bloodstained altar of Trog.
 25894 | Orc:2    | Found Eipaf's Eclectic Emporium.
 26200 | Orc:2    | Reached skill level 1 in Alchemy
 26207 | Orc:2    | Reached skill level 18 in Spellcasting
 26267 | Orc:2    | Found a staircase to the Elven Halls.
 26514 | Orc:2    | Reached skill level 1 in Throwing
 26770 | Orc:2    | Found Enin's Distillery.
 26874 | Orc:2    | Found Utogg's Magic Scroll Shop.
 26903 | Orc:2    | Bought a scroll of fear for 52 gold pieces
 26903 | Orc:2    | Bought a scroll of fog for 52 gold pieces
 26933 | Orc:2    | Reached XP level 15. HP: 108/108 MP: 30/37
 26983 | Orc:2    | Found a radiant altar of Vehumet.
 27232 | Orc:2    | Found Otuolag's Book Boutique.
 27241 | Orc:2    | Found Fegol's Antique Armour Boutique.
 27267 | Orc:2    | Found an ancient bone altar of Kikubaaqudgha.
 27416 | Orc:2    | Bought a book of Unlife for 468 gold pieces
 27424 | Orc:2    | Learned a level 5 spell: Borgnjor's Vile Clutch
 27494 | Orc:2    | Bought a book of the Earth for 396 gold pieces
 27823 | D:13     | You fall into a shaft and drop 1 floor!
 27859 | D:14     | Found a gate leading to a gauntlet.
 27885 | Gauntlet | Entered a Gauntlet
 27885 | Gauntlet | Found a transporter.
 27885 | Gauntlet | Found a transporter.
 27885 | Gauntlet | Found a transporter.
 27982 | Gauntlet | Found a transporter.
 27997 | Gauntlet | Found a transporter.
 28007 | Gauntlet | Found a transporter.
 28017 | Gauntlet | Found a transporter.
 28032 | Gauntlet | Found a transporter.
 28038 | Gauntlet | Found a transporter.
 28052 | Gauntlet | Found a transporter.
 28057 | Gauntlet | Found a transporter.
 28088 | Gauntlet | Found a transporter.
 28089 | Gauntlet | Found the +0 pair of fencer's gloves {Riposte Dex+3}
 28495 | Gauntlet | Identified the ring of Datol {rF+ Int+4}
 28650 | Gauntlet | Got the Disquisition on Flamy Despair
 28740 | D:13     | Reached skill level 1 in Necromancy
 29247 | D:13     | Reached skill level 5 in Alchemy
 29535 | D:13     | Noticed Rupert
 29547 | D:13     | Killed Rupert
 29874 | D:13     | Found a gate to the Vaults.
 30201 | D:13     | Reached skill level 5 in Necromancy
 30601 | D:14     | Noticed Kirke
 30608 | D:14     | Killed Kirke
 31952 | D:15     | Entered Level 15 of the Dungeon
 31956 | D:15     | Found a shimmering altar of Xom.
 32339 | D:15     | Found a staircase to the Depths.
 32339 | D:15     | Noticed a fire giant
 32351 | D:15     | Killed a fire giant
 32594 | D:15     | Reached XP level 16. HP: 114/114 MP: 21/38
 33265 | D:10     | Killed Taxman1966's ghost
 33446 | Lair:1   | Killed Zoroqier's ghost
 33455 | Lair:1   | Identified the +11 dagger of the Delightful God {elec,
                  | rPois rN+ Dex-5}
 33570 | Snake:1  | Entered Level 1 of the Snake Pit
 33570 | Snake:1  | Found a transporter.
 33572 | Snake:1  | Found a transporter.
 33644 | Snake:1  | Found a transporter.
 33647 | Snake:1  | Found a transporter.
 34166 | Snake:1  | Found a transporter.
 34173 | Snake:1  | Found a transporter.
 34293 | Snake:2  | Upgraded the game from 0.31-a0-1370-gf52a5a9 to
                  | 0.31-a0-1376-g36f0627
 34314 | Snake:2  | Reached skill level 1 in Earth Magic
 35719 | Snake:3  | Identified the +0 trident "Balo" {freeze, ^Fragile +Blink
                  | Will+ Str+7}
 35846 | Snake:3  | Noticed Vashnia
 35846 | Snake:3  | Noticed Nikola
 36031 | Snake:3  | Killed Vashnia
 36329 | Snake:3  | Reached skill level 5 in Earth Magic
 36502 | Snake:4  | Entered Level 4 of the Snake Pit
 36843 | Snake:3  | Killed Nikola
 38644 | Snake:4  | Identified the -1 pair of gloves of Prudence {Int+3 Slay+2}
 39041 | Snake:4  | Found Uleahosa's Book Boutique.
 39045 | Snake:4  | Bought a book of Touch for 374 gold pieces
 39050 | Snake:4  | Learned a level 4 spell: Dispel Undead
 39071 | Snake:4  | Reached XP level 17. HP: 114/124 MP: 34/39
 39998 | Snake:4  | Identified the +4 scimitar "Kebbaam" {venom, Fly Str-2
                  | Int+3 Dex+3}
 40704 | Snake:4  | Reached skill level 1 in Shields
 41227 | Snake:4  | Reached skill level 15 in Fighting
 41510 | Snake:4  | Got a serpentine rune of Zot
 41782 | Snake:4  | Bought a book of Armaments for 612 gold pieces
 41786 | Snake:4  | Learned a level 3 spell: Stone Arrow
 41937 | Swamp:1  | Entered Level 1 of the Swamp
 42439 | Swamp:1  | Reached skill level 1 in Invocations
 42944 | Swamp:2  | Reached skill level 5 in Shields
 43235 | Swamp:2  | Identified the serpent talisman "Leulouwn" {rC++ rN+ Dex-2}
 43235 | Swamp:2  | Noticed Aizul
 43248 | Swamp:2  | Killed Aizul
 43758 | Swamp:2  | Paralysed by a fenstrider witch for 5 turns
 44460 | Swamp:4  | Entered Level 4 of the Swamp
 44859 | Swamp:3  | Reached XP level 18. HP: 119/134 MP: 1/40
 46573 | Swamp:4  | Reached skill level 5 in Armour
 46983 | Swamp:4  | Noticed a bone dragon
 47075 | Swamp:4  | Killed a bone dragon
 47412 | Swamp:4  | Got a decaying rune of Zot
 47753 | Elf:1    | Entered Level 1 of the Elven Halls
 47802 | Elf:1    | Found a crumbling gateway.
 47820 | Desolati | Entered the Desolation of Salt
 48567 | Desolati | Identified the +8 flail "Orb Guardian's Curse" {drain, rF-
                  | Str+3}
 48689 | Desolati | Identified the ring of Salvation {Ice ^Contam Fly Str+3}
 49570 | Desolati | Identified the amulet "Ixell" {Spirit rF+ Int+4}
 49707 | Desolati | Identified the +0 pair of boots of Too Many Cooks {Str+3}
 50162 | Desolati | Found the +1 robe of Vines {NoPotionHeal Regen++++}
 50174 | Desolati | Identified the +0 pair of gloves of Decaying Leaves {rPois
                  | Regen+ Int+2 Dex-5}
 50179 | Desolati | Identified the +1 scale mail of the Little Devil {Rampage
                  | rPois Regen+ Str-4}
 50355 | Elf:1    | You are sucked into a shaft and drop 1 floor!
 50355 | Elf:2    | Found Pamikhlu's Assorted Antiques.
 50617 | Elf:2    | Paralysed by an air elemental for 1 turns
 50985 | Elf:1    | Reached skill level 10 in Shields
 51528 | Elf:1    | Reached XP level 19. HP: 138/139 MP: 31/41
 52030 | Elf:1    | Found Ciliubri's Antique Armour Emporium.
 52072 | Elf:1    | Bought a glowing cloak for 240 gold pieces
 52214 | Elf:1    | Found a large runed translucent door.
 52216 | Elf:1    | Found a large runed translucent door.
 52482 | Elf:1    | Paralysed by an air elemental for 1 turns
 53024 | Elf:1    | Noticed dontdoit's ghost (adept KoEn)
 53308 | Elf:1    | Identified the granite talisman "Udag" {rF+ rC+ Str-2
                  | Int+3}
 53308 | Elf:1    | Noticed Roxanne
 53321 | Elf:1    | Learned a level 5 spell: Lee's Rapid Deconstruction
 53323 | Elf:1    | Killed Roxanne
 53470 | Elf:1    | Killed dontdoit's ghost
 53487 | Elf:1    | Learned a level 5 spell: Yara's Violent Unravelling
 53958 | Elf:2    | Found a runed translucent gate.
 53959 | Elf:2    | Found a runed translucent gate.
 53959 | Elf:2    | Found a runed translucent gate.
 54015 | Elf:2    | HP: 3/139 [burnt (8)]
 54477 | Elf:3    | Entered Level 3 of the Elven Halls
 54711 | Elf:3    | Reached skill level 10 in Armour
 55305 | Elf:3    | Noticed Donald
 55317 | Elf:3    | Killed Donald
 55501 | Elf:3    | Identified the +9 broad axe of the Spirits {freeze, Str+4
                  | SInv Stlth-}
 55501 | Elf:3    | Identified the amulet of Music {rC+ Regen+}
 56156 | Abyss:3  | Cast into level 3 of the Abyss (a deep elf demonologist)
 56212 | Abyss:3  | Found a corrupted altar of Lugonu.
 56522 | Abyss:3  | Noticed a profane servitor
 56532 | Abyss:3  | Found a corrupted altar of Lugonu.
 56866 | Elf:3    | Escaped the Abyss
 57295 | Elf:3    | Identified the amulet "Unihamp" {Reflect -Tele Fly Dex-2
                  | SH+5 SInv}
 57346 | Elf:3    | Identified the +7 mace "Zaass" {speed, Will+ Str+2 Int+3}
 57490 | Elf:3    | Reached XP level 20. HP: 127/145 MP: 27/42
 57495 | Elf:3    | Identified the +1 robe of Ahutzeg {rElec rF+ rC+}
 57973 | Elf:3    | Found the +0 mask of the Dragon {Will+ Slay+3 SInv}
 58130 | Elf:3    | Found the +8 storm bow {elec, penet}
 58144 | Elf:3    | Identified the staff of Tension {Will+++ Str-5 Int+3 Earth}
 58150 | Elf:3    | Identified the staff of Plunder {rC+ Str-3 Int+5 Hexes Ice}
 58441 | Vaults:1 | Entered Level 1 of the Vaults
 59386 | Vaults:1 | Noticed Saint Roka
 59401 | Vaults:1 | Killed Saint Roka
 59959 | Vaults:1 | Noticed Zenata
 59974 | Vaults:1 | Killed Zenata
 60414 | Vaults:1 | Identified a scroll of acquirement
 60427 | Vaults:1 | Acquired 988 gold pieces
 61424 | Vaults:1 | Identified the +0 falchion of Tudwopluav {heavy, Int+6
                  | Stlth+}
 61901 | Vaults:2 | Noticed Frederick
 61910 | Vaults:2 | Killed Frederick
 61930 | Vaults:2 | Noticed Mara
 62111 | Vaults:2 | Noticed mightyno9's illusion
 62680 | Vaults:2 | Killed Mara
 63002 | Vaults:2 | Reached XP level 21. HP: 62/151 MP: 6/43
 63772 | Vaults:2 | Reached skill level 15 in Shields
 64555 | Vaults:2 | Found a staircase to the Crypt.
 65164 | Vaults:3 | Found a flickering gateway to a bazaar.
 65168 | Vaults:3 | Identified the +11 trident "Weat" {elec, rF++ Will++}
 65171 | Bazaar   | Entered a bazaar
 65201 | Bazaar   | Found Guzo Qeo's Assorted Antiques.
 65201 | Bazaar   | Found Hidaarch's Antique Weapon Shoppe.
 65235 | Bazaar   | Found Biagge Narup's Magic Scroll Emporium.
 65235 | Bazaar   | Found Saunonu's Distillery.
 65269 | Bazaar   | Bought a scroll of blinking for 97 gold pieces
 65269 | Bazaar   | Bought a scroll of immolation for 52 gold pieces
 65269 | Bazaar   | Bought a scroll of teleportation for 39 gold pieces
 65269 | Bazaar   | Bought a scroll of teleportation for 39 gold pieces
 65269 | Bazaar   | Bought a scroll of revelation for 97 gold pieces
 65269 | Bazaar   | Bought a scroll of fog for 52 gold pieces
 65287 | Bazaar   | Bought an ichor-stained flail for 272 gold pieces
 65287 | Bazaar   | Identified the +8 flail of Victory {chaos, rN+} (You bought
                  | it in a shop in a bazaar)
 65287 | Bazaar   | Bought a smoking war axe for 272 gold pieces
 65287 | Bazaar   | Identified the +4 war axe "Echizy" {pain, Str+3 Stlth+}
                  | (You bought it in a shop in a bazaar)
 65301 | Bazaar   | Bought a scroll of teleportation for 51 gold pieces
 65347 | Vaults:3 | Upgraded the game from 0.31-a0-1376-g36f0627 to
                  | 0.31-a0-1388-g4b2ba23
 65991 | Vaults:3 | Reached skill level 5 in Invocations
 67531 | Vaults:4 | Reached skill level 15 in Armour
 68045 | Vaults:4 | Identified the +4 battleaxe "Cihedeusa" {freeze, ^Contam
                  | Int+4}
 69277 | Depths:1 | Entered Level 1 of the Depths
 69345 | Depths:1 | Found a gateway to Hell.
 69693 | Depths:1 | Reached XP level 22. HP: 157/157 MP: 39/44
 70017 | Depths:1 | Reached skill level 5 in Evocations
 70377 | Depths:1 | Identified the ring "Gopsudovo" {Fly Dex+3}
 70706 | Depths:1 | Identified the +3 giant spiked club of Copio {flame, rN+}
 70843 | Depths:1 | Found a one-way gate to the infinite horrors of the Abyss.
 71001 | Depths:2 | Found a one-way gate leading to the halls of Pandemonium.
 72406 | Depths:2 | You fall into a shaft and drop 1 floor!
 72614 | Depths:3 | Found a one-way gateway to a ziggurat.
 73750 | Depths:2 | Found a runed translucent gate.
 73792 | Depths:2 | Noticed Louise
 73799 | Depths:2 | Killed Louise
 73871 | Depths:2 | Found a runed translucent gate.
 73871 | Depths:2 | Found a runed translucent gate.
 73872 | Depths:2 | Noticed Anotheraccount's ghost (veteran FoFi)
 74130 | Depths:3 | Noticed a caustic shrike
 74293 | Depths:3 | Noticed a caustic shrike
 74293 | Depths:3 | Noticed a caustic shrike
 74293 | Depths:3 | Noticed a caustic shrike
 74293 | Depths:3 | Noticed a caustic shrike
 74708 | Depths:3 | Killed a caustic shrike
 74924 | Depths:2 | Killed a caustic shrike
 75022 | Depths:2 | Killed a caustic shrike
 75151 | Depths:2 | Killed a caustic shrike
 75463 | Depths:3 | Killed a caustic shrike
 75792 | Depths:3 | Reached XP level 23. HP: 167/169 MP: 10/45
 76215 | Depths:3 | Reached skill level 19 in Spellcasting
 76718 | Depths:4 | Entered Level 4 of the Depths
 76794 | Depths:4 | Identified the +0 hat of Pragmatism {-Cast Fly Dex+2}
 77008 | Depths:4 | Found Ragaukk's Book Shop.
 77008 | Depths:4 | Found Casauv's Jewellery Shoppe.
 77009 | Depths:4 | Found Otuucar's Book Shop.
 77306 | Depths:4 | Found a sacrificial altar of Ru.
 78818 | Depths:4 | Found a gate to the Realm of Zot.
 79210 | Depths:4 | Reached skill level 20 in Spellcasting
 79789 | Depths:4 | Learned a level 7 spell: Ozocubu's Refrigeration
 79991 | Crypt:1  | Entered Level 1 of the Crypt
 82932 | Crypt:2  | Reached skill level 21 in Spellcasting
 83224 | Crypt:2  | Reached skill level 10 in Ice Magic
 83629 | Crypt:3  | Entered Level 3 of the Crypt
 84851 | Crypt:3  | Reached XP level 24. HP: 177/177 MP: 31/48
 85088 | Crypt:3  | Noticed a royal mummy
 85095 | Crypt:3  | Killed a royal mummy
 85366 | Crypt:3  | Reached skill level 22 in Spellcasting
 85676 | Crypt:3  | Found a staircase to the Tomb.
 86021 | Crypt:3  | Identified the +2 great sword of Freezing Gallantry
                  | {freeze, rC- Dex+4}
 86107 | Crypt:3  | Acquired the +3 pair of seven-league boots {Rampage+∞}
 86107 | Crypt:3  | Found the +3 pair of seven-league boots {Rampage+∞}
 86575 | Crypt:3  | Identified the ring of the Platytaur {Fly rN+ Str+3}
 86575 | Crypt:3  | Identified the ring of Yshu {rPois rN+}
 86575 | Crypt:3  | Identified the ring of Youthful Indiscretion {rF- rN+ rCorr
                  | Dex+3}
 86604 | Crypt:3  | Identified the staff of Ruination {rPois Int-3 Dex-3 Conj
                  | Ice}
 86617 | Crypt:3  | Identified the staff of Non Obstante Veredicto {rPois rC+
                  | Ice}
 88240 | Slime:1  | Entered Level 1 of the Pits of Slime
 93696 | Slime:5  | Entered Level 5 of the Pits of Slime
 95365 | Slime:5  | Reached skill level 15 in Ice Magic
 96066 | Slime:5  | Noticed the Royal Jelly
 96074 | Slime:5  | Killed the Royal Jelly
 96414 | Slime:5  | Found the +6 lightning scales {swift, rElec}
 96474 | Slime:5  | Identified the +7 short sword "Eddenih" {freeze, *Corrode
                  | rC+ Str+3 Int+3}
 96476 | Slime:5  | Got a slimy rune of Zot
 96484 | Slime:5  | Identified the ring of the Leaf {MP+9 Str+3 Int-2}
 96507 | Slime:5  | Identified the +4 leather armour "Imeir Anoov" {rF+ Int+8}
 96540 | Slime:5  | Identified the +4 flail of Qazlal's Fury {flame, Fly rElec
                  | Dex+3}
 97002 | Zot:1    | Entered Level 1 of the Realm of Zot
 97178 | Zot:1    | Reached XP level 25. HP: 108/183 MP: 2/49
 97679 | Zot:1    | Learned a level 6 spell: Bombard
 97711 | Zot:1    | Noticed a Killer Klown
 97718 | Zot:1    | Killed a Killer Klown
 97883 | Zot:1    | Noticed a Killer Klown
 97898 | Zot:1    | Killed a Killer Klown
 98466 | Zot:1    | Noticed a Killer Klown
 98477 | Zot:1    | Killed a Killer Klown
 99455 | Zot:1    | You fall into a shaft and drop 1 floor!
 99461 | Zot:2    | Noticed Grunn
100147 | Zot:1    | Reached skill level 23 in Spellcasting
100777 | Zot:2    | Reached skill level 10 in Conjurations
101801 | Zot:2    | Killed Grunn
103598 | Zot:3    | Reached skill level 24 in Spellcasting
104736 | Zot:3    | Noticed Vv
104749 | Zot:3    | Killed Vv
105004 | Zot:3    | Found the +8 Vampire's Tooth {megavamp}
105588 | Zot:3    | Noticed an orb of fire
105595 | Zot:3    | Killed an orb of fire
105596 | Zot:3    | Reached XP level 26. HP: 159/189 MP: 26/51
106533 | Zot:4    | Reached skill level 25 in Spellcasting
108075 | Zot:4    | Identified the +0 great mace of Cocytus {flame, rN++ Str-3
                  | Dex+3 SInv}
108126 | Zot:5    | Entered Level 5 of the Realm of Zot
108716 | Zot:5    | Found the +2 hood of the Assassin {Detect Stab+ Stlth++}
109524 | Zot:5    | Noticed an ancient lich
109538 | Zot:5    | Killed an ancient lich
109542 | Zot:5    | Noticed an ancient lich
109681 | Zot:5    | Killed an ancient lich
109682 | Zot:5    | Reached skill level 10 in Earth Magic
109727 | Zot:5    | Found the +4 dragonskin cloak
109727 | Zot:5    | Noticed Tiamat
109739 | Zot:5    | Killed Tiamat
109909 | Zot:5    | Noticed a dread lich
109919 | Zot:5    | Killed a dread lich
110171 | Zot:5    | Noticed an orb of fire
110185 | Zot:5    | Killed an orb of fire
110422 | Zot:5    | Noticed an ancient lich
110435 | Zot:5    | Killed an ancient lich
110705 | Zot:5    | Noticed an ancient lich
110710 | Zot:5    | Killed an ancient lich
111478 | Zot:5    | Noticed a dread lich
111484 | Zot:5    | Killed a dread lich
111485 | Zot:5    | Reached XP level 27. HP: 146/195 MP: 4/52
111578 | Zot:5    | Noticed an orb of fire
111588 | Zot:5    | Killed an orb of fire
111726 | Zot:5    | Noticed a dread lich
111729 | Zot:5    | Killed a dread lich
111730 | Zot:5    | Reached skill level 15 in Conjurations
111965 | Zot:5    | Noticed an ancient lich
111977 | Zot:5    | Killed an ancient lich
112131 | Zot:5    | Noticed an orb of fire
112139 | Zot:5    | Killed an orb of fire
112495 | Zot:5    | Noticed an ancient lich
112503 | Zot:5    | Killed an ancient lich
112760 | Zot:5    | Got the Orb of Zot
112798 | Zot:5    | Noticed Ixais the pandemonium lord
112798 | Zot:5    | Noticed an ancient lich
112882 | Zot:3    | Noticed Ytren the pandemonium lord
113229 | D:6      | Noticed Quimevoer the pandemonium lord
113297 | D:2      | Noticed Miazxaot the pandemonium lord
113309 | D:$      | Escaped with the Orb!

Illustrated notes

Levels and vault maps discovered:
D:1:      co_arrival_random_square_maze, layout_basic, serial_shops, shop
D:2:      layout_loops_ring, dreamdust_ecumenical_altar_hidden_monk_grotto,
          serial_bayou_crossing
D:3:      minmay_skewed_foursquare, layout_loops_ring, serial_shops, shop
D:4:      layout_loops_cross, serial_shops, shop, uniq_sigmund
D:5:      layout_cave_pools, minmay_temple_entry_butterflies
D:6:      layout_loops_cross, chequers_serial_rivers_marsh
D:7:      layout_basic
D:8:      layout_cave_pools, serial_co_window_serial, co_window_corner_a,
          co_window_of_opportunity_a, co_window_corner_a, co_window_corner_a,
          co_window_paths_a, co_window_cross_3, co_window_2corner,
          co_window_of_opportunity_b, co_window_unsneaky_path_e,
          co_window_broadway_a, co_window_of_opportunity_b, co_window_corner_b,
          glass_columns_c, minmay_liquid_box, hellmonk_guarded_unrand_dark_maul,
          uniq_jeremiah
D:9:      layout_cave_pods, kennysheep_mini, mainiacjoe_overflow_tiny_flanked
D:10:     dreamdust_cave_troll, layout_basic, lair_entry_dummy,
          hellmonk_ghost_big_iron
D:11:     layout_irregular_city, minivault_16, lightli_airlock, uniq_harold,
          uniq_erolcha, uniq_urug
D:12:     layout_long_grid, hiddenorc2_lemuel
D:13:     layout_basic, grunt_vaults_entry_fortified, uniq_rupert
D:14:     layout_basic, gauntlet_entry_generic, infiniplex_staircase_pillars_1,
          uniq_kirke
D:15:     grunt_enter_depths_giant_problem, layout_irregular_city,
          brannock_xom_greatest_gift
Temple:   mainiacjoe_temple_cubbyholes
Lair:1:   wad_woods_structure_01, layout_cave_pods,
          ebering_ghost_reflecting_pool, lemuel_fruit_tree
Lair:2:   layout_roguey, minmay_swamp_entry_wisps, alex1729_snake_entry_snake,
          portal_ice_cave_entry_pillars_2, serial_bayou_shore_a
Lair:3:   layout_regular_city, beast_lair_carwin_10, lemuel_fruit_fields,
          grunt_megastairs_3, uniq_nessos
Lair:4:   layout_roguey, chequers_serial_rivers_marsh
Lair:5:   grunt_lair_end_beastmaster, layout_gridlike, slime_entry_1,
          grunt_megastairs_1, serial_bayou_shore_b, uniq_snorg
Swamp:1:  layout_basic_swamp, evilmike_swamp_ruin_house_2, swamp_pool_1_2
Swamp:2:  layout_falls_marsh, serial_swamp_ruin, evilmike_swamp_ruin_house_4,
          hangedman_swamp_ruin_wall, evilmike_swamp_ruin_house_6,
          infiniplex_staircase_pool, uniq_aizul
Swamp:3:  layout_basic_swamp, evilmike_swamp_ruin_house_5
Swamp:4:  swamp_pestilence, layout_basic_swamp,
          nicolae_swamp_feature_on_the_river_bank
Snake:1:  layout_rooms, serial_nicolae_subway, nicolae_sub_station_stone,
          nicolae_sub_station_metal, nicolae_sub_station_crystal
Snake:2:  layout_gridlike, nicolae_snake_slithery_corners,
          nicolae_snake_springs, serial_bayou_shore_b, grunt_megastairs_4,
          serial_bayou_shore_b
Snake:3:  layout_layer_cave, uniq_vashnia, uniq_nikola
Snake:4:  snake_pit, layout_layer_cave, serial_shops,
          nicolae_book_shop_shelving, serial_bayou_shore_b
Slime:1:  layout_caves
Slime:2:  layout_caves, nicolae_slime_getting_an_eyeful
Slime:3:  layout_caves
Slime:4:  layout_caves
Slime:5:  slime_pit_nicolae_royal_road_to_ruin
Orc:1:    layout_caves
Orc:2:    kennysheep_orc_mage_school, layout_caves, enter_volcano_2,
          basic_altar, nicolae_alphabet_shops
Elf:1:    layout_geoelf_grid, serial_shops, nicolae_shop_statue_plus,
          ebering_ghost_disaster_area, special_room [special_room_mythical_zoo],
          portal_desolation_entry_nicolae_slug, nicolae_elf_crossing_hall,
          dreamdust_mushroom_princess, serial_sigils_hangedman_writhe,
          uniq_roxanne
Elf:2:    nicolae_elf_blades_crystal_corner, layout_gridlike, minmay_shop_star
Elf:3:    elf_hall, layout_loops_ring, uniq_donald
Vaults:1: nicolae_vaults_octothorpe, v_rooms_1, nicolae_vaults_trapezoid_1,
          vaults_room_octagon, v_misc_23, nicolae_vaults_storage_closets_1,
          vaults_standard_mumra_lines, nicolae_vaults_variable_pillar_hall,
          nicolae_vaults_closet_pinwheel_1, v_misc_24,
          nicolae_vaults_turnstiles, v_misc_4, nicolae_vaults_tetromino_Z_2,
          vaults_dpeg_emergency_exit, nicolae_vaults_display_case,
          hangedman_vaults_stretched_pinwheel, layout_vaults_big_cross,
          uniq_saint_roka, uniq_zenata
Vaults:2: ontoclasm_vaults_echo, nicolae_vaults_six-pack, nicolae_vaults_theta,
          nicolae_vaults_diamond_1, nicolae_vaults_trapezoid_layered,
          hangedman_vaults_stream, nicolae_vaults_heist,
          nicolae_vaults_triangles, minmay_crypt_entry_simple_corners,
          hangedman_vaults_restitches, hangedman_vaults_impose,
          layout_vaults_big_room, uniq_mara, uniq_frederick
Vaults:3: nicolae_vaults_little_squares_3, ontoclasm_vaults_ligature,
          v_pattern_1, v_misc_28, nicolae_vaults_theta, ontoclasm_vaults_spin,
          v_misc_15, nicolae_vaults_surprise_closet_hard,
          layout_vaults_quadrants, serial_shops, bzr_entry_safe
Vaults:4: v_rooms_2, v_alt_pattern_1, vaults_mumra_lcd,
          nicolae_vaults_network_square, v_misc_12, v_misc_11, v_misc_2,
          nicolae_vaults_sealed_display, nicolae_vaults_house_2,
          grunt_vaults_hallway_short, layout_vaults_ring
Crypt:1:  layout_gridlike, grunt_crypt_arrival_webbed, grunt_megastairs_2
Crypt:2:  layout_basic, st_stairs_7
Crypt:3:  due_elkab, layout_chaotic_city, nicolae_tomb_entry_rubble_hallway
Depths:1: layout_gridlike, hell_entry, abyss_entry_glasseish,
          serial_sigils_hangedman_scar, minmay_misc_feat_hallway,
          minmay_the_grid_2x2 [minmay_the_grid_minigrid_small_alt,
          minmay_the_grid_diamond_grid, minmay_the_grid_spin_star,
          minmay_the_grid_prize_diamond_cup]
Depths:2: grunt_arcs, layout_cave_pools, nicolae_abyss_entry_one_way_or_another,
          hell_entry, pan_entry, gammafunk_ghost_split
Depths:3: minmay_thick_lines, layout_cave_pools, enter_ziggurat_b, hell_entry,
          hangedman_abyss_entry_splay
Depths:4: grunt_crosshair, layout_gridlike, pf_hell_entry_tar_spiral,
          hangedman_ru_absence, minmay_shop_grove, serial_bayou_shore_b
Zot:1:    grunt_deathspiral_small, layout_concentric_octagons,
          hangedman_zot_diagonal_lockstep
Zot:2:    layout_misc_corridors, regret_index_zotdec_silver_v_v_orig_slice,
          uniq_grunn
Zot:3:    layout_cathedral_of_symmetry, st_single_dragon_hoard_1,
          lemuel_baited_zot_trap, regret_index_zotdec_gossamer_gf,
          regret_index_zotdec_carving_tricks, uniq_vv
Zot:4:    layout_basic, regret_index_zotdec_ex
Zot:5:    layout_gridlike, skrybe_zot_glass_3, uniq_tiamat

Skill      XL: |  1  2  3  4  5  6  7  8  9 10 11 12 13 14 15 16 17 18 19 20 21 22 23 24 25 26 27 |
---------------+----------------------------------------------------------------------------------+-----
Spellcasting   | 3 4 5 6 7 8 11 13 14 15 18 21 22 24 25 | 25.0
Summonings     | 4 5 6 7 8 |  8.0
Fighting       | 2 4 6 8 9 12 13 15 17 18 19 | 19.1
Stealth        | 2 |  2.0
Evocations     | 2 4 8 |  8.0
Air Magic      | 4 6 8 |  8.0
Armour         | 2 3 8 11 13 15 | 15.0
Conjurations   | 3 4 5 8 11 14 15 | 15.0
Ice Magic      | 4 7 8 10 15 16 | 16.0
Alchemy        | 2 7 8 |  8.0
Throwing       | 1 4 |  4.0
Necromancy     | 6 8 |  8.0
Earth Magic    | 6 8 11 12 | 12.0
Shields        | 6 10 12 14 15 | 15.0
Invocations    | 2 8 9 |  9.0
Dodging        | |  1.5

Action                     |  1- 3 |  4- 6 |  7- 9 | 10-12 | 13-15 | 16-18 | 19-21 | 22-24 | 25-27 || total
---------------------------+-------+-------+-------+-------+-------+-------+-------+-------+-------++-------
  Melee: Dagger            |   101 |    43 |       |     3 |       |       |       |       |       ||   147
         Hand axe          |     9 |       |       |       |       |       |       |       |       ||     9
         Punch             |     3 |     1 |       |       |       |       |       |       |       ||     4
         War axe           |       |     6 |    17 |       |       |       |       |       |       ||    23
         Trident           |       |       |       |   266 |   120 |       |       |       |       ||   386
         Staff             |       |       |       |     8 |     3 |    99 |    89 |   103 |    46 ||   348
  Throw: Stone             |     3 |       |       |       |       |       |       |       |       ||     3
         Dart              |       |       |       |       |    12 |       |     2 |       |       ||    14
         Throwing net      |       |       |       |       |     1 |       |       |       |       ||     1
   Cast: Summon Small Mamm |    11 |     8 |     4 |     1 |       |       |       |       |       ||    24
         Call Imp          |    21 |    13 |    18 |     4 |       |       |       |       |       ||    56
         Call Canine Famil |     1 |     8 |    28 |    51 |     5 |       |       |       |       ||    93
         Summon Guardian G |       |       |    16 |    45 |    24 |     3 |       |     1 |       ||    89
         Summon Lightning  |       |       |     3 |    21 |     4 |     1 |       |       |       ||    29
         Mercury Vapours   |       |       |       |    23 |     7 |       |       |     1 |       ||    31
         Mephitic Cloud    |       |       |       |    17 |     6 |       |       |       |       ||    23
         Freezing Cloud    |       |       |       |    13 |   294 |   153 |    95 |    51 |    16 ||   622
         Blink             |       |       |       |       |     1 |       |       |       |       ||     1
         Irradiate         |       |       |       |       |    10 |    63 |    45 |    61 |    21 ||   200
         Borgnjor's Vile C |       |       |       |       |       |   273 |   305 |   278 |   176 ||  1032
         Stone Arrow       |       |       |       |       |       |    52 |    98 |   200 |    38 ||   388
         Dispel Undead     |       |       |       |       |       |    21 |    17 |   123 |    39 ||   200
         Lee's Rapid Decon |       |       |       |       |       |       |    12 |    23 |     2 ||    37
         Yara's Violent Un |       |       |       |       |       |       |     2 |     1 |    13 ||    16
         Ozocubu's Refrige |       |       |       |       |       |       |       |   205 |    86 ||   291
         Bombard           |       |       |       |       |       |       |       |       |   172 ||   172
 Invoke: Recall Ancestor   |       |       |     2 |    12 |     4 |     9 |     6 |    16 |    31 ||    80
         Ancestor Life: Kn |       |       |     1 |       |       |       |       |       |       ||     1
         Transference      |       |       |       |       |       |     5 |     5 |     9 |    13 ||    32
         Idealise          |       |       |       |       |       |       |     2 |     3 |     7 ||    12
  Evoke: Wand              |       |       |       |     1 |       |    26 |    15 |    17 |    17 ||    76
         Phial of floods   |       |       |       |       |       |     1 |     1 |       |       ||     2
         Tin of tremorston |       |       |       |       |       |     2 |       |     1 |       ||     3
         Phantom mirror    |       |       |       |       |       |       |       |       |     3 ||     3
    Use: Scroll            |       |       |     5 |     1 |    11 |    10 |     9 |    11 |     8 ||    55
   Stab: Sleeping          |     3 |     2 |       |     1 |       |       |       |       |       ||     6
         Distracted        |     1 |     1 |       |     2 |     1 |     1 |       |     2 |     1 ||     9
         Confused          |       |       |       |     3 |     2 |       |       |       |       ||     5
         Petrified         |       |       |       |       |       |       |     1 |       |       ||     1
 Armour: Robe              |    52 |    36 |    27 |   122 |    24 |       |       |       |       ||   261
         Steam dragon scal |       |       |       |       |    33 |       |       |       |       ||    33
         Troll leather arm |       |       |       |       |   148 |   344 |   271 |       |       ||   763
         Fire dragon scale |       |       |       |       |       |       |    44 |   458 |   305 ||   807
  Dodge: Dodged            |    62 |    26 |    26 |    76 |    56 |   118 |    89 |   117 |    66 ||   636
  Block: Buckler           |       |       |       |    59 |    72 |    50 |       |       |       ||   181
         Reflection        |       |       |       |     5 |    20 |    19 |    59 |    15 |       ||   118
         Kite shield       |       |       |       |       |       |   125 |   337 |   375 |   114 ||   951

Table legend: (Time is in decaauts)
 A = Elapsed time spent in this place.
 B = Non-inter-level travel time spent in this place.
 C = Inter-level travel time spent in this place.
 D = Time resting spent in this place.
 E = Time spent auto-exploring this place.
 F = Levels seen in this place.
 G = Mean time per level.
                   A        B        C        D        E       F      G
               +--------+--------+--------+--------+--------+-----+--------+
         Total | 114142 | 108678 |   5464 |  36238 |  49382 |  62 | 1841.0 |
       Dungeon |  20701 |  18987 |   1714 |   3189 |  11374 |  15 | 1380.1 |
        Temple |     76 |      2 |     74 |      0 |      0 |   1 |   76.0 |
          Lair |   9318 |   8358 |    960 |   1770 |   4713 |   5 | 1863.6 |
         Swamp |   5793 |   5618 |    175 |   2344 |   2149 |   4 | 1448.2 |
     Snake Pit |   8314 |   8040 |    274 |   2566 |   4098 |   4 | 2078.5 |
    Slime Pits |   8158 |   7916 |    242 |   4093 |   2489 |   5 | 1631.6 |
  Orcish Mines |   2816 |   2426 |    390 |    481 |   1400 |   2 | 1408.0 |
   Elven Halls |   8436 |   8156 |    280 |   2295 |   3764 |   3 | 2812.0 |
        Vaults |  10638 |  10170 |    468 |   3416 |   4934 |   4 | 2659.5 |
         Crypt |   6798 |   6582 |    216 |   1317 |   4000 |   3 | 2266.0 |
        Depths |  11134 |  10813 |    321 |   4936 |   4031 |   4 | 2783.5 |
           Zot |  15626 |  15281 |    345 |   6934 |   5422 |   5 | 3125.2 |
         Abyss |    717 |    717 |      0 |    389 |      0 |   2 |  358.5 |
        Bazaar |    141 |    141 |      0 |      0 |     69 |   1 |  141.0 |
      Ice Cave |   1606 |   1606 |      0 |    660 |    355 |   1 | 1606.0 |
       Volcano |    540 |    540 |      0 |    173 |    170 |   1 |  540.0 |
    Desolation |   2534 |   2534 |      0 |   1365 |    262 |   1 | 2534.0 |
      Gauntlet |    788 |    788 |      0 |    307 |    151 |   1 |  788.0 |
               +--------+--------+--------+--------+--------+-----+--------+

Top non-repeatable levels by time:
Vaults:1: 4530 daAuts
   Zot:5: 4426 daAuts
   Zot:1: 3703 daAuts
 Snake:4: 3438 daAuts
Depths:4: 3435 daAuts
Depths:2: 3262 daAuts
 Crypt:3: 3115 daAuts
   Elf:3: 3093 daAuts
 Slime:5: 2958 daAuts
   Elf:1: 2877 daAuts
  Lair:1: 2763 daAuts
   Zot:3: 2714 daAuts
 Snake:3: 2611 daAuts
   Zot:2: 2559 daAuts
Desolation: 2534 daAuts
